[Event "Titled Tuesday Blitz June 13 Late 2023"]
[White "Hansen, Eric"]
[Black "Eljanov, Pavel"]
[WhiteFideId "2606771"]
[BlackFideId "14102951"]
[WhiteElo "2561"]
[BlackElo "2598"]
[Result "0-1"]
[Round "9"]
[TimeControl "180+2"]
[Date "2023.06.13"]
[WhiteClock "0:00:00"]
[BlackClock "0:00:02"]
[Board "7"]

1. e4 e5 2. Nf3 Nc6 3. Bb5 a6 4. Ba4 Nf6 5. O-O Be7 6. Re1 b5 7. Bb3 O-O 8. h3 Bb7 9. d3 d5 10. exd5 Nxd5 11. a4 Ndb4 12. axb5 axb5 13. Rxa8 Bxa8 14. Na3 Na5 15. Nxe5 Nxb3 16. cxb3 Bf6 17. Ng4 Bd4 18. Nc2 Nxc2 19. Qxc2 h5 20. Nh2 c5 21. Be3 Re8 22. Re2 Qe7 23. Kf1 Be5 24. Bxc5 Qd7 25. Kg1 Bxh2+ 26. Kxh2 Rxe2 27. Qxe2 Qc7+ 28. Kg1 Qxc5 29. Qe8+ Qf8 30. Qxb5 g6 31. Qe5 Qd8 32. Qg3 Qd5 33. b4 Bc6 34. h4 Kg7 35. Kh2 Bb5 36. f3 Bxd3 37. Qf4 Bb5 38. Kg3 f6 39. Qc7+ Qf7 40. Qd6 Qd7 41. Qc5 Kf7 42. Kf2 Bc6 43. Qc4+ Qd5 44. Qc3 Kg7 45. Qe3 Qe5 46. Qd2 Qd5 47. Qc3 Kf7 48. Qe3 Qd7 49. Qc3 Bd5 50. Kg1 Qc6 51. Qd4 Be6 52. Qa7+ Qd7 53. Qe3 Bd5 54. Qd4 Qc6 55. Qf4 Be6 56. Kh2 Ke7 57. Kg1 Qb6+ 58. Kh1 Qd6 59. Qe4 Kf7 60. Kg1 Qd5 61. Qf4 Qe5 62. Qd2 g5 63. hxg5 fxg5 64. Qc2 Kg7 65. Qd2 h4 66. Kf2 Kf6 67. Kg1 Qf4 68. Qd8+ Kg6 69. Qe8+ Bf7 70. Qe1 Qg3 0-1


[Site "https://www.chess.com"]

[Event "Titled Tuesday Blitz June 13 Late 2023"]
[White "Dardha, Daniel"]
[Black "Van Foreest, Jorden"]
[WhiteFideId "240990"]
[BlackFideId "1039784"]
[WhiteElo "2572"]
[BlackElo "2633"]
[Result "1-0"]
[Round "9"]
[TimeControl "180+2"]
[Date "2023.06.13"]
[WhiteClock "0:00:07"]
[BlackClock "0:00:12"]
[Board "8"]

1. d4 d6 2. e4 Nf6 3. Nc3 Nbd7 4. g4 h6 5. h4 e5 6. g5 hxg5 7. Bxg5 exd4 8. Qxd4 Be7 9. f4 Nc5 10. f5 Nh5 11. Bxe7 Qxe7 12. Nd5 Qd8 13. O-O-O c6 14. Nc3 Qf6 15. Qf2 Bd7 16. Nf3 O-O-O 17. e5 Qh6+ 18. Kb1 Bxf5 19. exd6 b6 20. Ne5 Qf6 21. Nxc6 Rxd6 22. Rxd6 Qxd6 23. Qxf5+ Kb7 24. Bg2 Nf4 25. Qxf7+ Nd7 26. Be4 Rf8 27. Ne5+ Kc7 28. Nb5+ 1-0


[Site "https://www.chess.com"]

[Event "Titled Tuesday Blitz June 13 Late 2023"]
[White "Bortnyk, Mykola"]
[Black "Rodrigue-Lemieux, Shawn"]
[WhiteFideId "14120836"]
[BlackFideId "2620049"]
[WhiteElo "2592"]
[BlackElo "2405"]
[Result "0-1"]
[Round "9"]
[TimeControl "180+2"]
[Date "2023.06.13"]
[WhiteClock "0:01:28"]
[BlackClock "0:01:53"]
[Board "9"]

1. e4 c6 2. d4 d5 3. exd5 cxd5 4. c4 Nf6 5. Nc3 Nc6 6. Bg5 dxc4 7. d5 Ne5 8. Nf3 Bg4 9. Bxc4 Nxc4 10. Qa4+ Qd7 11. Qxc4 Rc8 12. Qd4 Bxf3 13. gxf3 h6 14. Bxf6 exf6 15. O-O-O Bc5 16. Qe4+ Kf8 17. Kb1 Bd6 18. f4 g6 19. Qd4 Kg7 20. Ne4 Qf5 21. Ka1 Bxf4 22. Ng3 Qe5 23. Kb1 Rc1+ 24. Rxc1 Qxd4 25. Rcd1 Qb6 26. Ne4 Be5 27. Rd2 f5 28. Ng3 Rd8 29. Rhd1 Rxd5 0-1


[Site "https://www.chess.com"]

[Event "Titled Tuesday Blitz June 13 Late 2023"]
[White "Mekhitarian, Krikor Sevag"]
[Black "Martinez Alcantara, Jose Eduardo"]
[WhiteFideId "2107660"]
[BlackFideId "3805662"]
[WhiteElo "2604"]
[BlackElo "2711"]
[Result "0-1"]
[Round "9"]
[TimeControl "180+2"]
[Date "2023.06.13"]
[WhiteClock "0:00:05"]
[BlackClock "0:00:25"]
[Board "10"]

1. Nf3 d5 2. c4 e6 3. d4 a6 4. cxd5 exd5 5. Nc3 c6 6. Bf4 Bd6 7. Bxd6 Qxd6 8. e3 Ne7 9. Bd3 O-O 10. Qc2 h6 11. O-O Nd7 12. Rab1 Nf6 13. Ne5 c5 14. Qd2 cxd4 15. exd4 Bf5 16. Rfe1 Rad8 17. Rbc1 Rfe8 18. h3 Bxd3 19. Qxd3 Qb4 20. a3 Qa5 21. Re2 Nc8 22. Rce1 Nd6 23. Ng4 Nfe4 24. Rc1 Nxc3 25. Rxe8+ Rxe8 26. Qxc3 Qxc3 27. Rxc3 Re1+ 28. Kh2 Re2 29. Rc7 Rxb2 30. Rd7 Ne4 31. Rxd5 Nxf2 32. Rd8+ Kh7 33. Nxf2 Rxf2 34. Rd7 b5 35. Ra7 Rf6 36. Kg3 Rd6 37. Kf3 Rxd4 38. Rxa6 Ra4 39. Rxa4 bxa4 40. Ke4 g5 41. g4 Kg6 42. Ke5 h5 43. Ke4 hxg4 44. hxg4 f5+ 45. gxf5+ Kf6 46. Kf3 Kxf5 47. Kg3 Ke4 48. Kg4 Kd3 49. Kxg5 Kc3 50. Kf4 Kb3 51. Ke3 Kxa3 52. Kd2 Kb2 0-1


[Site "https://www.chess.com"]

[Event "Titled Tuesday Blitz June 13 Late 2023"]
[White "Sviridov, Valery"]
[Black "Elsa167"]
[WhiteFideId "4120680"]
[WhiteElo "2457"]
[BlackElo "2884"]
[Result "1-0"]
[Round "9"]
[TimeControl "180+2"]
[Date "2023.06.13"]
[WhiteClock "0:02:32"]
[BlackClock "0:00:13"]
[Board "11"]

1. d4 Nf6 2. Nf3 g6 3. c4 Bg7 4. g3 O-O 5. Bg2 d6 6. O-O a6 7. Nc3 Nc6 8. d5 Na5 9. Nd2 c5 10. Qc2 Rb8 11. b3 b5 12. Bb2 e6 13. dxe6 Bxe6 14. cxb5 axb5 15. Rad1 d5 16. Nde4 Nxe4 17. Nxe4 c4 18. Bxg7 Kxg7 19. Qb2+ f6 20. Nc5 Bf7 21. Bxd5 Qe7 22. b4 Bxd5 23. Rxd5 Rbd8 24. Rfd1 Nc6 25. Rd7 Rf7 26. Rxd8 Nxd8 27. Rxd8 1-0


[Site "https://www.chess.com"]

[Event "Titled Tuesday Blitz June 13 Late 2023"]
[White "Vazquez, Guillermo"]
[Black "Jumabayev, Rinat"]
[WhiteFideId "3702308"]
[BlackFideId "13702661"]
[WhiteElo "2543"]
[BlackElo "2561"]
[Result "1-0"]
[Round "9"]
[TimeControl "180+2"]
[Date "2023.06.13"]
[WhiteClock "0:00:26"]
[BlackClock "0:00:00"]
[Board "12"]

1. b3 e5 2. Bb2 Nc6 3. c4 Nf6 4. e3 d5 5. cxd5 Nxd5 6. a3 a5 7. Qc2 Bd6 8. Nf3 O-O 9. d3 Kh8 10. Nbd2 f5 11. g3 Qe7 12. Bg2 Be6 13. O-O Rad8 14. Nc4 Bg8 15. Rfe1 Nf6 16. Nh4 Qe6 17. Bh3 Ng4 18. Qe2 Bc5 19. Nxf5 Qxf5 20. Bxg4 Qxd3 21. Rad1 Qxb3 22. Rxd8 Rxd8 23. Nxe5 Nxe5 24. Bxe5 Bxa3 25. Bf5 Bb4 26. Qg4 Qf7 27. Rc1 c6 28. h4 Rd5 29. Be6 Qe7 30. Bxd5 Bxd5 31. Qf4 Kg8 32. e4 Bf7 33. Rd1 h6 34. Qf5 Be6 35. Qg6 1-0


[Site "https://www.chess.com"]

[Event "Titled Tuesday Blitz June 13 Late 2023"]
[White "Bortnyk, Olexandr"]
[Black "Maksimovic, Bojan"]
[WhiteFideId "14120828"]
[BlackFideId "14408120"]
[WhiteElo "2733"]
[BlackElo "2457"]
[Result "1-0"]
[Round "9"]
[TimeControl "180+2"]
[Date "2023.06.13"]
[WhiteClock "0:00:22"]
[BlackClock "0:00:00"]
[Board "13"]

1. e4 g6 2. d4 Nf6 3. e5 Nh5 4. Be2 d6 5. Nf3 dxe5 6. Nxe5 Nf6 7. c4 Bg7 8. O-O O-O 9. Nc3 Nbd7 10. f4 e6 11. Be3 c5 12. dxc5 Nxe5 13. fxe5 Nd7 14. Ne4 Bxe5 15. Bg5 f6 16. Bh6 Rf7 17. b4 Qc7 18. Nd6 Re7 19. Bf4 Bxa1 20. Qxa1 e5 21. Bh6 f5 22. Bf3 Nf6 23. Bg5 Kg7 24. Re1 h6 25. Bxf6+ Kxf6 26. Rxe5 Qxd6 27. Rxe7+ 1-0


[Site "https://www.chess.com"]

[Event "Titled Tuesday Blitz June 13 Late 2023"]
[White "Najer, Evgeniy"]
[Black "Demidov, Mikhail"]
[WhiteFideId "4118987"]
[BlackFideId "4197143"]
[WhiteElo "2545"]
[BlackElo "2500"]
[Result "1/2-1/2"]
[Round "9"]
[TimeControl "180+2"]
[Date "2023.06.13"]
[WhiteClock "0:00:05"]
[BlackClock "0:00:04"]
[Board "14"]

1. d4 g6 2. e4 Bg7 3. Nc3 a6 4. h4 b5 5. h5 Bb7 6. h6 Bf8 7. d5 d6 8. Nf3 e5 9. dxe6 fxe6 10. Ng5 Qd7 11. a4 b4 12. Qd4 e5 13. Qxb4 c5 14. Qb3 Nc6 15. Nd5 Nd4 16. Qc4 Be7 17. Nb6 d5 18. exd5 Qg4 19. Nxa8 Bxg5 20. Nc7+ Kd7 21. Ne6 Bxc1 22. Nxc5+ Kc8 23. Ne6+ Kb8 24. Nxd4 exd4 25. Rxc1 Nf6 26. Be2 Qxg2 27. Rf1 Re8 28. Qxd4 Nxd5 29. Kd2 Qg5+ 30. f4 Qg2 31. Rfe1 Ne3 32. Kc3 Nd5+ 33. Kb3 Rxe2 34. Rxe2 Qxe2 35. Qe5+ Qxe5 36. fxe5 Kc7 37. Rf1 Ne7 38. c4 Nf5 39. Kb4 Bc6 40. b3 Bd7 41. Kc5 a5 42. Re1 Be6 43. Kb5 Nd4+ 44. Kxa5 Nxb3+ 45. Kb4 Nd4 46. Rf1 Bf5 47. a5 Nc6+ 48. Kb5 Nd4+ 49. Kc5 Nb3+ 50. Kb4 Nd4 51. a6 Kb6 52. Rd1 Nc6+ 53. Kc3 Nxe5 54. Rd5 Nc6 55. Rd6 Kc7 56. Rf6 Be4 57. Rf7+ Kb6 58. Rxh7 g5 59. Rg7 Kxa6 60. Rxg5 Kb6 61. Rg7 Na5 62. h7 Bxh7 63. Rxh7 Nb7 64. Rh6+ Kc7 65. Rh5 Nd6 66. Kb4 Ne4 67. Rh7+ Kc6 68. Rh6+ Kc7 69. Rh4 Ng3 70. Rf4 Ne2 71. Re4 Ng3 72. Re5 Kd6 73. Rd5+ Kc6 74. Rg5 Ne4 75. Rg6+ Kc7 76. c5 Nd2 77. Rg7+ Kc6 78. Rg6+ Kc7 79. Kb5 Nf3 80. Rg7+ Kc8 81. Kb6 Ne5 82. Rg8+ Kd7 83. c6+ Nxc6 84. Rg7+ Ne7 85. Kc5 Ke6 86. Rxe7+ Kxe7 1/2-1/2


[Site "https://www.chess.com"]

[Event "Titled Tuesday Blitz June 13 Late 2023"]
[White "Xiong, Jeffery"]
[Black "Lashkin, Jegor"]
[WhiteFideId "2047640"]
[BlackFideId "13907808"]
[WhiteElo "2726"]
[BlackElo "2368"]
[Result "0-1"]
[Round "9"]
[TimeControl "180+2"]
[Date "2023.06.13"]
[WhiteClock "0:00:49"]
[BlackClock "0:00:04"]
[Board "15"]

1. e4 c5 2. Nf3 d6 3. Nc3 Nf6 4. d4 cxd4 5. Qxd4 Nc6 6. Qd3 g6 7. Nd5 Bg7 8. c3 Nh5 9. Be2 O-O 10. O-O e6 11. Nf4 Nf6 12. Rd1 Qc7 13. h3 Rd8 14. Be3 d5 15. exd5 e5 16. d6 exf4 17. dxc7 Rxd3 18. Rxd3 fxe3 19. Rd8+ Bf8 20. fxe3 Kg7 21. Bb5 Bc5 22. Bxc6 bxc6 23. Nd4 Bb6 24. Nxc6 Bxc7 25. Rd2 Bb7 26. Nd4 Re8 27. Re2 Nd5 28. Kf2 h5 29. Rd1 a6 30. Nc2 h4 31. Kf1 Nf6 32. Red2 Bb6 33. Rd6 Bc5 34. R6d2 Ne4 35. Rd7 Bc6 36. Rc7 Bb5+ 37. Kg1 Bb6 38. Rb7 Bc5 39. Rc7 Bd6 40. Rb7 Bg3 41. b3 Nxc3 42. Ra1 Bd3 43. Nb4 Be4 44. Rd7 Be5 45. Re1 a5 46. Nd3 Bg3 47. Rf1 Bf5 48. Rf3 Bxd7 0-1


[Site "https://www.chess.com"]

[Event "Titled Tuesday Blitz June 13 Late 2023"]
[White "Hambleton, Aman"]
[Black "Aravindh, Chithambaram VR."]
[WhiteFideId "2606577"]
[BlackFideId "5072786"]
[WhiteElo "2511"]
[BlackElo "2596"]
[Result "1-0"]
[Round "9"]
[TimeControl "180+2"]
[Date "2023.06.13"]
[WhiteClock "0:00:06"]
[BlackClock "0:00:00"]
[Board "16"]

1. d4 Nf6 2. Bf4 b6 3. e3 Bb7 4. Nf3 g6 5. h3 Bg7 6. Be2 O-O 7. O-O d6 8. Bh2 Nbd7 9. a4 a6 10. c4 Ne4 11. a5 bxa5 12. Nc3 c5 13. Qa4 cxd4 14. exd4 Rc8 15. Qxa5 Qxa5 16. Rxa5 Nxc3 17. bxc3 Bxf3 18. gxf3 Nb6 19. c5 dxc5 20. Bxa6 Ra8 21. dxc5 Bxc3 22. Rb5 Nc4 23. Bb7 Ra3 24. c6 Nd2 25. c7 Nxf1 26. Kxf1 Bd4 27. c8=Q Rxc8 28. Bxc8 Rxf3 29. Bg3 Kg7 30. Rd5 Bf6 31. Bg4 Ra3 32. Kg2 h5 33. Bf3 Ra2 34. Rd1 Rb2 35. Bf4 Ra2 36. Be3 Rc2 37. Be4 Rc4 38. Kf3 Ra4 39. Bd3 Rh4 40. Kg2 Ra4 41. Rc1 Ra3 42. Be2 Ra2 43. Bf3 Be5 44. Rc5 Bf6 45. Rb5 Rc2 46. Rb7 Ra2 47. Bc5 Kf8 48. Rb8+ Kg7 49. Rb7 Kf8 50. Kg1 Rc2 51. Rb8+ Kg7 52. Rb5 Rc3 53. Kg2 Rc2 54. Be4 Rc4 55. Bd3 Rc3 56. Be2 Rc2 57. Bf1 Bh4 58. Be3 Bf6 59. Kf3 Ra2 60. Bc4 Ra3 61. Bd5 Bg5 62. Rb7 Bxe3 63. fxe3 Kf6 64. Rb6+ e6 65. Bc6 Ra1 66. Kf2 Ra2+ 67. Kg3 Rd2 68. Rb7 Rd8 69. Bd7 Ra8 70. Bb5 Rd8 71. Kf4 Ra8 72. e4 g5+ 73. Ke3 Ra3+ 74. Bd3 Kg6 75. e5+ Kg7 76. Ke4 Ra4+ 77. Ke3 Ra5 78. Kd4 Ra4+ 79. Bc4 Kg6 80. Rb8 Ra3 81. Rg8+ Kf5 82. Bd3+ Kf4 83. Rg7 Ra4+ 84. Bc4 Ra7 85. Bxe6 Ra4+ 86. Bc4 g4 87. hxg4 hxg4 88. Rxf7+ Kg3 89. e6 Ra8 90. e7 Re8 91. Bb5 Rxe7 92. Rxe7 Kf2 93. Rg7 g3 94. Bc6 1-0


[Site "https://www.chess.com"]

[Event "Titled Tuesday Blitz June 13 Late 2023"]
[White "Mortazavi, Ali"]
[Black "Babazada, Khazar"]
[WhiteFideId "401323"]
[BlackFideId "13413554"]
[WhiteElo "2339"]
[BlackElo "2369"]
[Result "1/2-1/2"]
[Round "9"]
[TimeControl "180+2"]
[Date "2023.06.13"]
[WhiteClock "0:00:11"]
[BlackClock "0:00:09"]
[Board "17"]

1. Nf3 Nf6 2. g3 g6 3. Bg2 Bg7 4. O-O O-O 5. d3 c5 6. e4 Nc6 7. c3 d5 8. Nbd2 b6 9. Re1 Bb7 10. e5 Nd7 11. e6 Nde5 12. exf7+ Rxf7 13. Ng5 Rf6 14. Ndf3 Nxf3+ 15. Bxf3 Qd6 16. Bg4 e5 17. f4 Raf8 18. Qe2 Re8 19. Bd2 h6 20. Nf3 e4 21. dxe4 dxe4 22. Nh4 Nd4 23. cxd4 cxd4 24. Qc4+ Bd5 25. Qxd4 Rxf4 26. Qa4 Rxg4 27. Qxe8+ Kh7 28. Be3 Qf6 29. Rad1 Bc6 30. Qd8 Qxb2 31. Qd2 Qf6 32. Rf1 Qxh4 33. Rf7 Be8 34. Rxa7 Kh8 35. Bd4 Rxg3+ 36. hxg3 Qxg3+ 37. Qg2 Bxd4+ 38. Rxd4 Qe1+ 39. Qf1 Qg3+ 40. Kh1 Qh4+ 41. Kg1 Qg3+ 42. Qg2 Qe1+ 43. Kh2 Qh4+ 44. Kg1 Qe1+ 1/2-1/2


[Site "https://www.chess.com"]

[Event "Titled Tuesday Blitz June 13 Late 2023"]
[White "Grigoriants, Sergey"]
[Black "Santos Ruiz, Miguel"]
[WhiteFideId "4130804"]
[BlackFideId "22291482"]
[WhiteElo "2502"]
[BlackElo "2499"]
[Result "1-0"]
[Round "9"]
[TimeControl "180+2"]
[Date "2023.06.13"]
[WhiteClock "0:00:04"]
[BlackClock "0:00:00"]
[Board "18"]

1. d4 Nf6 2. c4 e6 3. g3 d5 4. Bg2 Be7 5. Nf3 Ne4 6. O-O f5 7. b3 Nc6 8. Ba3 Bf6 9. e3 h5 10. h4 g5 11. hxg5 Bxg5 12. Nbd2 h4 13. gxh4 Bxh4 14. Nxe4 dxe4 15. Ne1 Qg5 16. d5 exd5 17. cxd5 Qh6 18. dxc6 Be7 19. f4 Qh2+ 20. Kf2 Bh4+ 21. Ke2 Bxe1 22. Kxe1 Qxg2 23. Qd4 Rh2 24. Qe5+ Kf7 25. Qe7+ Kg6 26. Qe8+ Kh7 27. Qf7+ Qg7 28. Qxg7+ Kxg7 29. Rf2 Rh1+ 30. Rf1 Rxf1+ 31. Kxf1 b6 32. Rd1 Kf7 33. Bb2 Be6 34. Be5 Rc8 35. Kf2 a5 36. Rg1 Bd5 37. Rg7+ Ke6 38. Rg6+ Ke7 39. Rf6 Rf8 40. Rh6 Rc8 41. Ke2 Be6 42. Kd2 Bf7 43. Kc3 Rd8 44. Bf6+ 1-0


[Site "https://www.chess.com"]

[Event "Titled Tuesday Blitz June 13 Late 2023"]
[White "Oro, Faustino"]
[Black "Ibarra Jerez, Jose Carlos"]
[WhiteFideId "20000197"]
[BlackFideId "2226332"]
[WhiteElo "1984"]
[BlackElo "2631"]
[Result "0-1"]
[Round "9"]
[TimeControl "180+2"]
[Date "2023.06.13"]
[WhiteClock "0:00:08"]
[BlackClock "0:00:17"]
[Board "19"]

1. e4 c5 2. Nf3 e6 3. d4 cxd4 4. Nxd4 Bc5 5. Nb3 Bb6 6. Nc3 Ne7 7. Qe2 O-O 8. Be3 f5 9. O-O-O f4 10. Bxb6 Qxb6 11. Qd2 Nbc6 12. f3 a6 13. Qd6 Ng6 14. Kb1 Qf2 15. Nc5 Nge5 16. Nd3 Nxd3 17. Qxd3 d6 18. Qd2 Qxd2 19. Rxd2 Rd8 20. Bc4 Ne5 21. Bb3 Kf7 22. Rhd1 Ke7 23. Na4 b5 24. Nc3 Bb7 25. h4 h5 26. Ne2 Ng6 27. Nd4 Nf8 28. a3 Rac8 29. Ne2 Ng6 30. Nd4 Nf8 31. Ne2 e5 32. Bd5 Bxd5 33. Rxd5 Rc6 34. g3 fxg3 35. Nxg3 g6 36. Nf1 Ne6 37. Ne3 Rf8 38. R5d3 Nf4 39. R3d2 Rf6 40. Rg1 Rc8 41. Kc1 Rcf8 42. Rg3 Kf7 43. Kd1 Kg7 44. Ke1 Kf7 45. Kf1 Ke6 46. Kg1 Kd7 47. Kh2 Kc6 48. Rg5 Ne6 49. Rg3 Nd4 50. Rf2 Nxf3+ 51. Kh1 Nxh4 52. Rd2 Rf3 53. Rxf3 Rxf3 54. Nd5 Rh3+ 55. Kg1 Nf3+ 56. Kg2 Rh2+ 57. Kxf3 Rxd2 58. Ke3 Rxd5 59. exd5+ Kxd5 0-1


[Site "https://www.chess.com"]

[Event "Titled Tuesday Blitz June 13 Late 2023"]
[White "Kramnik, Vladimir"]
[Black "Tanenbaum, Zachary"]
[WhiteFideId "4101588"]
[BlackFideId "2060850"]
[WhiteElo "2703"]
[BlackElo "2207"]
[Result "0-1"]
[Round "9"]
[TimeControl "180+2"]
[Date "2023.06.13"]
[WhiteClock "0:00:13"]
[BlackClock "0:00:51"]
[Board "20"]

1. e4 e5 2. Nf3 Nc6 3. d4 exd4 4. Nxd4 Bc5 5. Nxc6 Qf6 6. Qf3 bxc6 7. Nc3 d6 8. Qxf6 Nxf6 9. f3 O-O 10. Bd2 d5 11. exd5 Re8+ 12. Be2 cxd5 13. Kf1 d4 14. Na4 Bd6 15. Bc4 Bd7 16. b3 Bxa4 17. bxa4 Bc5 18. Rb1 Nd7 19. Bb5 Rab8 20. Kf2 d3+ 21. Kg3 Bd6+ 22. Kh3 dxc2 23. Rbc1 Re7 24. Rxc2 Nc5 25. Re1 Rxe1 26. Bxe1 Ne6 27. Bf2 Nf4+ 28. Kg4 h5+ 29. Kf5 a6 30. Bc6 Rb4 31. Re2 Nxe2 0-1


[Site "https://www.chess.com"]

[Event "Titled Tuesday Blitz June 13 Late 2023"]
[White "Tristan, Leonardo"]
[Black "Pap, Gyula"]
[WhiteFideId "113816"]
[BlackFideId "725323"]
[WhiteElo "2461"]
[BlackElo "2519"]
[Result "1/2-1/2"]
[Round "9"]
[TimeControl "180+2"]
[Date "2023.06.13"]
[WhiteClock "0:00:05"]
[BlackClock "0:00:06"]
[Board "21"]

1. d4 d5 2. Nf3 Nf6 3. Bf4 c5 4. e3 Nc6 5. Nbd2 Nh5 6. dxc5 Nxf4 7. exf4 g6 8. Bb5 Bg7 9. c3 O-O 10. O-O d4 11. Bxc6 dxc3 12. Be4 cxd2 13. Qxd2 Qxd2 14. Nxd2 Bxb2 15. Rab1 Ba3 16. c6 bxc6 17. Bxc6 Ba6 18. Bxa8 Bxf1 19. Kxf1 Rxa8 20. Rb7 a5 21. Nc4 Bb4 22. a3 Bd6 23. g3 Rc8 24. Nxd6 exd6 25. Rb5 Rc5 26. a4 Kf8 27. Rb6 Ke7 28. Ra6 Ke6 29. Ke2 h5 30. Kd3 f6 31. h3 Kd5 32. g4 hxg4 33. hxg4 Ke6 34. f3 g5 35. f5+ Ke5 36. Ke3 Rc3+ 37. Ke2 Ra3 38. Rxa5+ Kf4 39. Rd5 Rxa4 40. Rxd6 Ra2+ 41. Kd3 Kxf3 42. Rxf6 Kxg4 43. Rf8 Kf4 44. f6 Kf5 45. f7 Ra7 46. Ke3 Re7+ 47. Kf3 Kf6 48. Kg4 Kg7 49. Rg8+ Kxf7 50. Rxg5 Re6 51. Rf5+ Rf6 52. Rxf6+ Kxf6 1/2-1/2


[Site "https://www.chess.com"]

[Event "Titled Tuesday Blitz June 13 Late 2023"]
[White "Chigaev, Maksim"]
[Black "benny_aizenberg"]
[WhiteFideId "4108116"]
[WhiteElo "2561"]
[BlackElo "2691"]
[Result "1-0"]
[Round "9"]
[TimeControl "180+2"]
[Date "2023.06.13"]
[WhiteClock "0:00:06"]
[BlackClock "0:00:09"]
[Board "22"]

1. Nf3 c5 2. g3 g6 3. Bg2 Bg7 4. O-O Nc6 5. e4 d6 6. c3 e5 7. a4 Nge7 8. Na3 O-O 9. Nc2 f5 10. exf5 gxf5 11. d4 e4 12. Ng5 h6 13. Nh3 Be6 14. Nf4 Bb3 15. Ra3 Qb6 16. dxc5 dxc5 17. Be3 Rad8 18. Qc1 Bc4 19. Nh5 Ne5 20. a5 Qg6 21. Nxg7 Kxg7 22. Bxc5 Nd3 23. Qe3 Rf7 24. Bd4+ Kh7 25. b3 Bd5 26. c4 Bc6 27. f4 exf3 28. Bxf3 f4 29. Qe2 fxg3 30. Bxc6 gxh2+ 31. Kxh2 Rxf1 32. Qxe7+ Rf7 33. Qxd8 Qh5+ 34. Kg3 bxc6 35. Qh8+ Kg6 36. Qg8+ Kf5 37. Qc8+ Kg6 38. Qg4+ Qxg4+ 39. Kxg4 h5+ 40. Kg3 Kg5 41. Be3+ Kf5 42. b4 Rg7+ 43. Kh3 Ke4 44. Bd2 Nf2+ 45. Kh4 Rg2 46. Re3+ Kf5 47. Rf3+ Ke4 48. Rf4+ Kd3 49. Ne1+ Kxd2 50. Nxg2 Nd3 51. Rd4 Kc3 52. Rxd3+ Kxd3 53. b5 Kxc4 54. b6 1-0


[Site "https://www.chess.com"]

[Event "Titled Tuesday Blitz June 13 Late 2023"]
[White "Bellahcene, Bilel"]
[Black "Kosakowski, Jakub"]
[WhiteFideId "696358"]
[BlackFideId "1185080"]
[WhiteElo "2552"]
[BlackElo "2488"]
[Result "1/2-1/2"]
[Round "9"]
[TimeControl "180+2"]
[Date "2023.06.13"]
[WhiteClock "0:00:06"]
[BlackClock "0:01:00"]
[Board "23"]

1. e4 c6 2. d4 d5 3. exd5 cxd5 4. Nf3 Nc6 5. Ne5 a6 6. c4 Nf6 7. Nc3 dxc4 8. Nxc6 bxc6 9. Bxc4 Bg4 10. Qa4 Qd7 11. Bf4 e6 12. O-O Be7 13. h3 Bh5 14. Be5 O-O 15. Rac1 Rfd8 16. Qa5 Qb7 17. Bxf6 Bxf6 18. Qxh5 Rxd4 19. Bb3 a5 20. Na4 Qb5 21. Rc5 Qa6 22. Rfc1 Rd6 23. Qf3 Rc8 24. g3 h6 25. h4 Qb7 26. Kg2 Rd2 27. Rxa5 Bd4 28. Rc2 Rxc2 29. Bxc2 Qb4 30. Ra6 Qd2 31. Bd3 c5 32. Be2 c4 33. Ra8 Rxa8 34. Qxa8+ Kh7 35. Qe4+ Kg8 36. h5 Kh8 37. Qa8+ Kh7 38. Qe4+ Kh8 39. Kh3 Kg8 40. f4 Qe1 41. Bf3 Qf1+ 42. Bg2 Qd1 43. Qa8+ Kh7 44. Qe4+ f5 45. Bf3 Qf1+ 46. Bg2 Qd1 47. Bf3 Qf1+ 48. Bg2 Qd1 1/2-1/2


[Site "https://www.chess.com"]

[Event "Titled Tuesday Blitz June 13 Late 2023"]
[White "Bjelobrk, Igor"]
[Black "Bazeev, German"]
[WhiteFideId "4300726"]
[BlackFideId "24119350"]
[WhiteElo "2319"]
[BlackElo "2466"]
[Result "0-1"]
[Round "9"]
[TimeControl "180+2"]
[Date "2023.06.13"]
[WhiteClock "0:00:05"]
[BlackClock "0:00:20"]
[Board "24"]

1. d4 Nf6 2. c4 e6 3. g3 d5 4. Nf3 Bb4+ 5. Bd2 Be7 6. Bg2 O-O 7. O-O c6 8. Qc2 Nbd7 9. Bf4 h6 10. Nbd2 Nh5 11. Be3 f5 12. Nb3 Nhf6 13. Nc1 b6 14. cxd5 cxd5 15. Qc6 Ba6 16. Qxe6+ Kh8 17. Qxf5 Rc8 18. Nh4 Kg8 19. Ng6 Rf7 20. Nd3 Bd6 21. Bxd5 Nxd5 22. Qxd5 Nf6 23. Qg2 Bb7 24. Qh3 Rc2 25. Nde5 Bxe5 26. Nxe5 Re7 27. Rac1 Rxe2 28. Nc6 Bxc6 29. Rxc6 Qd5 30. Rc8+ Kh7 31. Qg2 Qxg2+ 32. Kxg2 R7xe3 33. d5 Rd3 34. Rd8 Rxd5 0-1


[Site "https://www.chess.com"]

[Event "Titled Tuesday Blitz June 13 Late 2023"]
[White "Sydoryka, Vladyslav"]
[Black "Gadimbayli, Abdulla"]
[WhiteFideId "14145928"]
[BlackFideId "13404938"]
[WhiteElo "2269"]
[BlackElo "2386"]
[Result "0-1"]
[Round "9"]
[TimeControl "180+2"]
[Date "2023.06.13"]
[WhiteClock "0:00:00"]
[BlackClock "0:00:17"]
[Board "25"]

1. c4 Nf6 2. g3 e6 3. Bg2 d5 4. Nf3 Bd6 5. O-O O-O 6. b3 c5 7. Bb2 d4 8. e3 e5 9. b4 Nc6 10. exd4 exd4 11. b5 Na5 12. d3 h6 13. Nbd2 Bf5 14. Nb3 Nxb3 15. axb3 Qd7 16. b4 Rfe8 17. Qd2 Re7 18. Rfe1 Rxe1+ 19. Rxe1 a6 20. bxc5 Bxc5 21. Ne5 Qc8 22. bxa6 Rxa6 23. Qf4 g5 24. Qf3 Ra2 25. Bc1 Bb4 26. Rd1 Qe6 27. Qxb7 Bc3 28. Qb8+ Kg7 29. h4 Ng4 30. Nxg4 Bxg4 31. Rf1 Be2 32. hxg5 hxg5 33. Bxg5 Bxf1 34. Bxf1 Be1 35. Qf4 Bxf2+ 36. Kh1 Be3 37. Qh4 Qc6+ 0-1


[Site "https://www.chess.com"]

[Event "Titled Tuesday Blitz June 13 Late 2023"]
[White "Bryakin, Mikhail"]
[Black "robertoalejandro10"]
[WhiteFideId "4165314"]
[WhiteElo "2464"]
[BlackElo "2628"]
[Result "1-0"]
[Round "9"]
[TimeControl "180+2"]
[Date "2023.06.13"]
[WhiteClock "0:00:17"]
[BlackClock "0:00:00"]
[Board "26"]

1. e4 c5 2. d4 cxd4 3. Qxd4 Nc6 4. Qd3 Nf6 5. Nc3 g6 6. Nf3 Bg7 7. Be2 O-O 8. O-O d6 9. Nd5 Bg4 10. c3 Bxf3 11. Qxf3 Ne5 12. Nxf6+ Bxf6 13. Qe3 Qc7 14. f4 Nc4 15. Qd3 Rac8 16. Rb1 b5 17. g3 a6 18. Kg2 Bg7 19. h4 e6 20. h5 Rcd8 21. Bf3 f5 22. b3 Nb6 23. Bb2 e5 24. hxg6 hxg6 25. Rbe1 d5 26. exf5 e4 27. Bxe4 dxe4 28. Qxe4 gxf5 29. Qe6+ Rf7 30. Re2 Nd5 31. Qg6 Ne7 32. Qg5 Qc6+ 33. Rf3 Qf6 34. Qh5 Qg6 35. Qh1 Nd5 36. Qe1 Rdf8 37. c4 Bxb2 38. cxd5 Bf6 39. Re6 Kg7 40. d6 Rh8 41. Rd3 Qh5 42. Qg1 Qh3+ 43. Kf2 Qh2+ 44. Qxh2 Rxh2+ 45. Kg1 Rh8 46. Rd5 Kg6 47. Kg2 Rd8 48. Kf3 Rfd7 49. g4 fxg4+ 50. Kxg4 Kf7 51. Kf5 Bg7 52. a4 bxa4 53. bxa4 Rh8 54. Re2 Rh5+ 55. Ke4 Rh6 56. Red2 Bf8 57. Rf5+ Rf6 58. Ra5 Rdxd6 59. Rh2 Rde6+ 60. Kf3 Bg7 61. Rd5 Rc6 62. Rd7+ Kg8 63. Rg2 Rg6 64. Rd8+ Kh7 65. Rh2+ Rh6 66. Rhd2 Rcf6 67. R8d7 Rh4 68. R2d4 Rhh6 69. Ra7 Rh3+ 70. Kg4 Rhh6 71. Rdd7 Rfg6+ 72. Kf3 Rh3+ 73. Ke4 Rhh6 74. Rab7 Rh4 75. Kf3 Rh3+ 76. Ke4 Rh5 77. Ra7 a5 78. Kf3 Rf5 79. Ke4 Rff6 80. Rxa5 Rg4 81. Rf5 Rxf5 82. Kxf5 Rg1 83. a5 Ra1 84. Ra7 Kh6 85. Ra6+ Kh7 86. Ra7 Ra4 87. a6 Ra5+ 88. Ke6 Kg6 89. f5+ Kh6 90. f6 Bf8 91. Ra8 Bc5 92. Kd5 Bb4+ 93. Ke6 Kg6 94. f7 Kg7 95. Rg8+ Kh7 96. Ra8 Kg7 97. Ra7 Bf8 98. Ra8 Ra1 99. a7 Re1+ 100. Kd5 Rd1+ 101. Ke4 Ra1 102. Kd5 Kxf7 103. Kc6 Rc1+ 104. Kb7 Rb1+ 105. Kc6 Ra1 106. Kb6 Rb1+ 107. Kc7 Rc1+ 108. Kb7 Ra1 109. Rb8 Bc5 110. a8=Q Rxa8 111. Rxa8 Ke6 112. Kc6 Bd6 113. Re8+ Be7 114. Rg8 Bf6 115. Rg2 Be5 116. Re2 Kf5 117. Kd5 Bf4 118. Rf2 Kg4 119. Ke4 Bg3 120. Rg2 Kh3 121. Kf3 Be5 122. Rg5 Bf6 123. Rh5+ Bh4 124. Rh8 Kh2 125. Rxh4+ Kg1 126. Rh5 1-0


[Site "https://www.chess.com"]